 Dungeon Crawl Stone Soup version 0.31-a0-187-gba352fbbf7 (webtiles) character file.

Game seed: 10855477748614307142

54 qw the Shooter (level 3, 0/20 HPs)
             Began as a Deep Elf Hunter on June 22, 2023.
             Succumbed to their own poison gas
             ... on level 1 of the Dungeon.
             The game lasted 00:00:28 (1145 turns).

qw the Shooter (Deep Elf Hunter)                    Turns: 1145, Time: 00:00:29

Health: 0/20       AC:  5    Str: 10    XL:     3   Next: 66%
Magic:  5/5        EV: 11    Int: 13    God:
Gold:   39         SH:  0    Dex: 18    Spells: 2/2 levels left

rFire   . . .        Y - +0 shortbow
rCold   . . .        (shield currently unavailable)
rNeg    . . .        b - +0 ring mail
rPois   .            (no helmet)
rElec   .            (no cloak)
rCorr   .            (no gloves)
SInv    .            (no boots)
Will    .....        (no amulet)
Stlth   +            (no ring)
HPRegen 0.23/turn    (no ring)
MPRegen 0.09/turn

%: no passive effects
@: lethally poisoned (0 -> -1)
A: no striking features
a: no special abilities


You were on level 1 of the Dungeon.
You visited 1 branch of the dungeon, and saw 2 of its levels.

You collected 39 gold pieces.


   Skills:
 - Level 1.5 Fighting
 + Level 7.2 Ranged Weapons
 - Level 2.4 Dodging
 - Level 1.2 Stealth


You had 2 spell levels left.
You didn't know any spells.
Your spell library was empty.

Inventory:

Hand Weapons
 Y - a +0 shortbow (weapon)
Armour
 b - a +0 ring mail (worn)
Scrolls
 a - a scroll of identify
 f - a scroll of teleportation
Potions
 e - a potion of heal wounds

Dungeon Overview and Level Annotations

Branches:
Dungeon (2/15)

Altars:

Annotations:
D:1 2 transporters


Message History

Really walk into that cloud of poison gas?
You are engulfed in poison gas.
You are poisoned.
You feel very sick.
Enter note:
Enter note:
Enter note:
Enter note:
Enter note:
Enter note:
Enter note:
Enter note:
Enter note:
Enter note:
Enter note:
Enter note:
Enter note:
Enter note:
Enter note:
Enter note:
Enter note:
Enter note:
Enter note:
Enter note:
1138 ||| Stepping ~*~*~tactically~*~*~ (cloud).
You feel sick.
You see here a scroll of poison.
There is a lethal amount of poison in your body!
You feel sick.
There is a lethal amount of poison in your body!
You feel sick.
There is a lethal amount of poison in your body!
You feel sick.
There is a lethal amount of poison in your body!
You feel sick.
There is a lethal amount of poison in your body!
You feel sick.
There is a lethal amount of poison in your body!
You feel sick.
There is a lethal amount of poison in your body!
You die...

#.### ##~~~~~~~~~.~~~~~# ##...#
##00~000¤~¤¤^.~.~~## #..#>#
#0¤¤0¤~0¤¤0¤¤..~.~.#### ##.).#
#0~00~0~¤0¤00.~~~...... #...##
###¤¤000.0¤¤~0¤~~~~~.#### .....#
#..0¤0~¤0.0¤¤¤~~~~~~##
....#####¤#¤00.¤>\¤00¤¤~~~~~#
##.......0.~~00¤000~0~~~~~~.#
#.########¤¤¤00@~0~000~~~#.# #.#
#¤0¤¤¤~0000¤0####.# ##)##
##¤0¤~¤~0¤#### #.# #...##
########## #.# .....## #######
##.##### ......###8_.PP##
##.....##
.......#####~.P##########...##.#.
.......'...#~.P#.................
.......######~.##########.%......


There were no monsters in sight!

Vanquished Creatures
  3 gnolls (D:2)
  A ball python (D:2)
  2 bats (D:1)
  3 endoplasms
  2 giant cockroaches (D:1)
  A goblin (D:1)
  4 hobgoblins (D:1)
  A quokka (D:1)
  2 frilled lizards (D:1)
  3 kobolds
  A rat (D:1)
23 creatures vanquished.

Notes
Turn   | Place    | Note
-------+----------+-------------------------------------------
     0 | D:1      | qw the Deep Elf Hunter began the quest for the Orb.
     0 | D:1      | Reached XP level 1. HP: 12/12 MP: 3/3
     0 | D:1      | 0 ||| qw: Version: 0.3-a-9-g12657ce
     0 | D:1      | 0 ||| qw: Game counter: 2325
     0 | D:1      | 0 ||| qw: Always use a shield: true
     0 | D:1      | 0 ||| qw: God list: Okawaru
     0 | D:1      | 0 ||| qw: Allow faded altars: false
     0 | D:1      | 0 ||| qw: Do Orc after D:15 true
     0 | D:1      | 0 ||| qw: Do second Lair branch before Depths: true
     0 | D:1      | 0 ||| qw: Lair rune preference: random
     0 | D:1      | 0 ||| qw: Plans: Normal
     0 | D:1      | 0 ||| PLANNING D:1-11
    47 | D:1      | 47 ||| READING 2 scrolls labelled QADDYUDIAWN.
    48 | D:1      | 48 ||| READING scroll labelled HUTAZU HOROU.
   165 | D:1      | 165 ||| DROPPING scroll of butterflies.
   272 | D:1      | Reached XP level 2. HP: 16/16 MP: 4/4
   369 | D:1      | Reached skill level 6 in Ranged Weapons
   396 | D:1      | You fall into a shaft and drop 1 floor!
   500 | D:2      | 500 ||| UPGRADING to +0 ring mail.
   510 | D:2      | 510 ||| DROPPING +0 leather armour.
   511 | D:2      | 511 ||| READING 2 scrolls labelled FIAC IRETAT.
   512 | D:2      | 512 ||| DRINKING 2 fizzy pink potions.
   554 | D:2      | Reached XP level 3. HP: 20/20 MP: 5/5
   561 | D:2      | Reached skill level 7 in Ranged Weapons
   581 | D:2      | 581 ||| DROPPING potion of lignification.
   582 | D:2      | 582 ||| DROPPING scroll of fog.
   591 | D:2      | 591 ||| STAIRDANCE
  1067 | D:1      | 1067 ||| READING scroll labelled GIPTAE LAPHU.
  1068 | D:1      | 1068 ||| Stepping ~*~*~tactically~*~*~ (water).
  1078 | D:1      | Found a faded altar of an unknown god.
  1134 | D:1      | 1134 ||| READING 2 scrolls labelled CEEQY FINOIG.
  1135 | D:1      | 1135 ||| READING 2 scrolls of identify.
  1135 | D:1      | 1135 ||| IDENTIFYING black potion
  1136 | D:1      | 1136 ||| DROPPING scroll of poison.
  1138 | D:1      | 1138 ||| Stepping ~*~*~tactically~*~*~ (cloud).
  1139 | D:1      | HP: 5/20 [poisoned by you (poison gas)]
  1142 | D:1      | HP: 2/20 [poisoned by you (poison gas)]
  1145 | D:1      | Succumbed to their own poison gas

Levels and vault maps discovered:
D:1:      spicycebolla_arrival_transporter_tutorial, layout_loops_corners,
          shapermc_ecumenical_altar_hornbeckon, reono_crystal_passage
D:2:      layout_basic

Skill      XL: |  1  2  3 |
---------------+----------+-----
Ranged Weapons | 6 7 |  7.2
Fighting       | |  1.5
Dodging        | |  2.4
Stealth        | |  1.2

Action                     || total
---------------------------++-------
   Fire: Shortbow          ||    85
    Use: Scroll            ||     6
         Potion            ||     1
 Armour: Leather armour    ||     2
         Skin              ||    26
         Ring mail         ||     6
  Dodge: Dodged            ||    18

Table legend:
 A = Non-vault XP
 B = Vault XP
 C = Vault XP percentage of total XP
 D = Non-vault monster count
 E = Vault monster count
 F = Vault count percentage of total count
                 A         B        C        D         E       F
            +---------+---------+-------+---------+---------+-------
      Total |      78 |       0 |   0.0 |      23 |       0 |   0.0
            +---------+---------+-------+---------+---------+-------
        D:1 |      29 |       0 |   0.0 |      17 |       0 |   0.0
        D:2 |      49 |       0 |   0.0 |       6 |       0 |   0.0
            +---------+---------+-------+---------+---------+-------
